 Dungeon Crawl Stone Soup version 0.21.1-1-g345015fe64 (webtiles) character file.

107 Lusmu the Gusty (level 4, -1/24 HPs)
             Began as a Deep Elf Air Elementalist on Apr 8, 2018.
             Slain by a white imp (2 damage)
             ... summoned by Natasha
             ... on level 2 of the Dungeon.
             The game lasted 00:07:58 (1871 turns).

Lusmu the Gusty (Deep Elf Air Elementalist)         Turns: 1871, Time: 00:08:00

Health: -1/24      AC:  3    Str:  6    XL:     4   Next: 56%
Magic:  9/12       EV: 13    Int: 20    God:
Gold:   68         SH:  0    Dex: 15    Spells: 8/11 levels left

rFire    . . .     SeeInvis .   k - +1 short sword (holy)
rCold    . . .     Gourm    .   (no shield)
rNeg     . . .     Faith    .   a - +0 robe
rPois    .         Spirit   .   (no helmet)
rElec    .         Reflect  .   o - +0 cloak
rCorr    .         Harm     .   (no gloves)
MR       .....                  (no boots)
Stlth    ++........             (no amulet)
HPRegen  0.08/turn              (no ring)
MPRegen  0.13/turn              (no ring)

@: no status effects
A: no striking features
a: no special abilities


You were on level 2 of the Dungeon.
You were not hungry.

You visited 1 branch of the dungeon, and saw 2 of its levels.

You collected 68 gold pieces.

Inventory:

Hand Weapons
 k - a +1 short sword of holy wrath (weapon)
Missiles
 i - 17 sling bullets
Armour
 a - a +0 robe (worn)
 h - a +1 pair of gloves
 o - a +0 cloak (worn)
Jewellery
 f - an uncursed ring of positive energy {unknown}
Wands
 n - a wand of digging (15)
Scrolls
 d - 2 scrolls of identify {unknown}
 g - 2 scrolls of remove curse {unknown}
 j - a scroll of enchant armour {unknown}
Potions
 e - 2 potions of mutation {unknown}
 m - a potion of ambrosia {unknown}
Books
 b - a book of Air

   Spells                             Type                      Level
   a - Shock                          Conjuration/Air              1
   b - Swiftness                      Charms/Air                   2
   c - Static Discharge               Conjuration/Air              3
   d - Airstrike                      Air                          4
   e - Lightning Bolt                 Conjuration/Air              5
Comestibles
 c - 2 rations
 l - a chunk of flesh


   Skills:
 - Level 2.4 Dodging
 - Level 2.4 Stealth
 + Level 4.0 Spellcasting
 * Level 3.1 Conjurations
 * Level 4.1 Air Magic


You had 8 spell levels left.
You knew the following spells:

 Your Spells              Type           Power        Failure   Level  Hunger
a - Shock                 Conj/Air       ###.         3%          1    None
b - Swiftness             Chrm/Air       ##......     9%          2    #......


Dungeon Overview and Level Annotations

Branches:
Dungeon (2/15)

Altars:

Annotations:
D:2 Natasha, Terence


Message History

The magic dart hits you!
* * * LOW HITPOINT WARNING * * *
The white imp hits you but does no damage.
Natasha zaps a wand.
You resist with some effort. The white imp gestures at you.
The puff of frost misses you.
Natasha mewls in sadness.
Natasha zaps a wand.
The white imp hits you but does no damage.
The white imp hits you.
* * * LOW HITPOINT WARNING * * *
The white imp freezes you.
* * * LOW HITPOINT WARNING * * *
You stop sporulating.
Your +1 short sword of holy wrath unmelds from your body.
Your +0 cloak unmelds from your body.
Your +0 robe unmelds from your body.
Your +1 short sword of holy wrath softly glows with a divine radiance!
Natasha casts a spell.
The white imp hits you.
You die...

#.##.# #.# #)##.# ###
##.# ###.##.# ##.# ##..#
#......####.<# #..##
#.....###....# #.##
#.........#..# #.#
#.....####..## #.##
#..........#####55#.##
#.....###......@h...?#
#.....##...######.......
#........### #..##..
#......### .## #
#..###.### .! ..##
##....#...# ... ....
...##.###.# S## ....
...##.###.####### ....
..###..##........ ....


You could see Natasha, a white imp and a shadow imp.

Vanquished Creatures
  Crazy Yiuf (D:2)
  Natasha (D:2)
  An adder (D:2)
  An ooze (D:2)
  3 dart slugs (D:1)
  2 giant cockroaches
  4 goblins (D:1)
  7 hobgoblins (D:1)
  3 jackals (D:2)
  3 kobolds
  3 bats (D:1)
  3 frilled lizards (D:1)
  3 rats (D:1)
35 creatures vanquished.

Notes
Turn   | Place    | Note
-------+----------+-------------------------------------------
     0 | D:1      | Lusmu the Deep Elf Air Elementalist began the quest for the Orb.
     0 | D:1      | Reached XP level 1. HP: 10/10 MP: 6/6
   305 | D:1      | Reached XP level 2. HP: 9/15 MP: 2/8
   923 | D:1      | Reached XP level 3. HP: 19/19 MP: 4/9
  1106 | D:1      | Learned a level 2 spell: Swiftness
  1383 | D:2      | Noticed Terence
  1593 | D:2      | Found a runed door.
  1597 | D:2      | Noticed Crazy Yiuf
  1604 | D:2      | Killed Crazy Yiuf
  1604 | D:2      | Reached XP level 4. HP: 11/24 MP: 3/11
  1795 | D:2      | Found a faded altar of an unknown god.
  1817 | D:2      | Noticed Natasha
  1830 | D:2      | Killed Natasha
  1846 | D:2      | Noticed Natasha
  1870 | D:2      | HP: 1/24 [white imp[Natasha] (3)]
  1871 | D:2      | Slain by a white imp

Skill      XL: |  1  2  3  4 |
---------------+-------------+-----
Conjurations   | 2 3 |  3.1
Air Magic      | 4 |  4.1
Spellcasting   | 4 |  4.0
Dodging        | |  2.4
Stealth        | |  2.4

Action                   |  1- 3 |  4- 6 || total
-------------------------+-------+-------++-------
Melee: Club              |     1 |       ||     1
       Short sword       |    10 |     3 ||    13
 Cast: Shock             |    59 |    11 ||    70
  Eat: Chunk             |     2 |     1 ||     3
Armor: Robe              |     3 |     1 ||     4
       Skin              |       |     3 ||     3
Dodge: Dodged            |    16 |     4 ||    20
